 Dungeon Crawl Stone Soup version 0.26-a0-1129-gc5df7fbe6a (webtiles) character file.

Game seed: 6680826812384236021

184903 DerHolg the Tortoise (level 17, -8/159 HPs)
             Began as a Minotaur Berserker on Dec 15, 2020.
             Was a High Priest of Trog.
             Killed from afar by an eleionoma (19 damage)
             ... with a spray of wooden splinters
             ... on level 2 of the Swamp on Dec 18, 2020.
             The game lasted 03:12:37 (37764 turns).

DerHolg the Tortoise (Minotaur Berserker)          Turns: 37764, Time: 03:12:38

Health: -8/159     AC: 20    Str: 24    XL:     17   Next: 40%
Magic:  16/16      EV: 31    Int:  4    God:    Trog [*****.]
Gold:   1614       SH:  5    Dex: 18    Spells: 16/16 levels left

rFire    + . .     SeeInvis .   a - +3 battleaxe (flame)
rCold    + . .     Faith    .   (shield currently unavailable)
rNeg     . . .     Spirit   .   D - +2 ring mail {rPois}
rPois    +         Reflect  +   X - +2 hat
rElec    .         Harm     .   W - scarf {rC+ rF+}
rCorr    .         Rampage  .   r - +1 pair of gloves {Dex+3}
Will     +++..                  G - +2 pair of boots
Stlth    +.........             B - amulet of reflection
HPRegen  1.36/turn              F - +4 ring of evasion
MPRegen  0.15/turn              S - +4 ring of evasion

@: about to teleport, marked, regenerating
A: retaliatory headbutt, horns 2, subdued magic 1
}: 1/15 runes: serpentine
a: Renounce Religion, Berserk, Trog's Hand, Brothers in Arms


You were on level 2 of the Swamp.
You worshipped Trog.
Trog was extremely pleased with you.
You visited 5 branches of the dungeon, and saw 29 of its levels.
You also visited: Ossuary and Ice Cave.

You collected 2960 gold pieces.
You spent 1346 gold pieces at shops.

Inventory:

Hand Weapons
 a - a +3 battleaxe of flaming (weapon)
 b - a +8 antimagic battleaxe
Missiles
 n - 15 javelins
 q - 5 boomerangs of dispersal
 K - 2 throwing nets
 R - 40 boomerangs (quivered)
Armour
 i - the +6 chain mail "Effiodal" {rElec Will+}
   (You found it on level 5 of the Lair of Beasts)

   It insulates you from electricity.
   It affects your willpower, your defense against some magical effects.
 r - a +1 pair of gloves of dexterity (worn)
 A - a +2 ring mail of fire resistance
 D - a +2 ring mail of poison resistance (worn)
 E - a +3 scale mail of cold resistance
 G - a +2 pair of boots (worn)
 W - a scarf of resistance (worn)
 X - a +2 hat (worn)
Jewellery
 h - an uncursed ring of protection from cold
 o - an uncursed ring of protection from fire
 B - an amulet of reflection (around neck)
 F - a +4 ring of evasion (left hand)
 I - an uncursed ring of see invisible
 J - an uncursed ring of willpower
 S - a +4 ring of evasion (right hand)
Wands
 f - a wand of enslavement (18)
 v - a wand of acid (12)
 y - a wand of digging (11)
 H - a wand of paralysis (14)
Scrolls
 c - 6 scrolls of enchant armour
 e - 5 scrolls of immolation
 g - 5 scrolls of fear
 j - 10 scrolls of remove curse
 k - 11 scrolls of teleportation
 p - 5 scrolls of blinking
 s - 4 scrolls of enchant weapon
 u - 7 scrolls of fog
 C - 6 scrolls of magic mapping
 M - 6 scrolls of identify
 Q - a scroll of silence
 T - a scroll of holy word {unknown}
 U - 3 scrolls of noise {unknown}
Potions
 d - 6 potions of mutation
 l - 4 potions of cancellation
 m - 4 potions of heal wounds
 t - 8 potions of ambrosia
 w - 14 potions of curing
 x - 3 potions of lignification
 z - 5 potions of might
 L - 2 potions of resistance {unknown}
 N - 2 potions of flight
 O - a potion of invisibility
 P - 2 potions of haste


   Skills:
 + Level 16.5 Fighting
 * Level 17.7 Axes
 - Level 2.0(8.3) Slings
 + Level 11.4(11.5) Throwing
 + Level 19.6 Armour
 + Level 15.2 Dodging
 - Level 5.0 Evocations


You had 16 spell levels left.
You didn't know any spells.
Your spell library was empty.

Dungeon Overview and Level Annotations

Branches:
Dungeon (15/15)            Temple (0/1) D:6            Lair (6/6) D:11
  Swamp (2/4) Lair:2        Snake (4/4) Lair:4        Slime (0/5) Lair:6
    Orc (2/2) D:12            Elf (0/3) Orc:2        Vaults (0/5) D:13
 Depths (0/5) D:15        Ossuary (visited)           IceCv (visited)

Altars:
Fedhas
Nemelex Xobeh
Ru
Wu Jian
Xom
The Shining One

Shops:
D:10 *   D:12 (   D:14 [   Orc:2 [(([(   Snake:1 :(   Snake:3 *}=}

Portals:
Abyss: Lair:4

Annotations:
Lair:4 2 transporters, Qungiab's ghost, journeyman DsVM
Swamp:2 1 transporter, Thargor's ghost, journeyman GrEE


Innate Abilities, Weirdness & Mutations

You reflexively headbutt those who attack you in melee.
You have a pair of horns on your head.
Your spells are a little easier to cast, but a little less powerful.


Message History

The tyrant leech completely misses you.
You slash the tyrant leech! You burn the tyrant leech.
Your headbutt misses the tyrant leech.
The tyrant leech is almost dead.
A root smacks you from below!
* * * LOW HITPOINT WARNING * * *
The eleionoma melds with the trees.
You block the tyrant leech's attack.
As you read the scroll of teleportation, it crumbles to dust.
You feel strangely unstable. A tree reaches out and hits you!
* * * LOW HITPOINT WARNING * * *
The eleionoma misses you. The tyrant leech misses you.
The forest calms down.
The eleionoma hurls a spray of splinters at you.
The spray of wooden splinters misses you.
Found 22 stones.
Found a steaming ring mail.
A swamp worm comes into view.
The eleionoma hurls a spray of splinters at you.
The spray of wooden splinters hits you!!
You die...

♣♣♣♣.♣♣.≈♣♣...≈≈.≈..[
♣.≈...♣♣♣.≈...♣..≈
♣♣.≈♣≈.♣♣♣♣≈..≈≈≈..
♣..♣≈≈≈w♣♣..≈......
♣...wyfii♣≈≈§.≈≈≈.♣
♣....DyywwR.≈.≈...≈♣
♣..#########...≈§..♣♣
♣.##©.(R.iH##.......§
.#8....ivi8#@≈§.≈.≈.
.#.......Dv#..≈.≈...
#.......WR#.....≈♣♣
#....©...?#©!.§...♣
#.../...:?#.....≈♣♣
......(#.♣.≈..♣
.....8#.♣♣♣≈≈♣
.....##.♣ .≈.


You could see a thorn hunter, 3 eleionomae, a six-headed hydra, a swamp dragon,
a fenstrider witch, 3 tyrant leeches, 3 spriggan riders, a spriggan druid, 2
will-o-the-wisps, a swamp worm, 3 vampire mosquitoes, a spriggan and Thargor's
ghost.

Vanquished Creatures
  Vashnia (Snake:2)
  Rupert (Lair:3)
  The ghost of fritzmikael the Grappler, an adept TrFi of Okawaru (Swamp:1)
  Kirke (Lair:4)
  5 nagarajas (Snake:4)
  An orc warlord (Orc:2)
  A reaper (IceCv)
  Azrael (Orc:2)
  A fire dragon (D:14)
  5 hydras
  A yaktaur captain (D:15)
  8 naga warriors
  5 boulder beetles
  7 anacondas
  2 centaur warriors (D:15)
  5 catoblepae
  4 alligators
  A death knight (D:15)
  6 death yaks (Lair:6)
  19 naga sharpshooters
  4 shock serpents
  Urug (D:12)
  An orc high priest (Orc:2)
  A goliath frog (Swamp:2)
  2 sea snakes (Snake:2)
  2 salamander mystics
  5 skeletal warriors (D:10)
  4 naga ritualists
  2 unseen horrors
  2 bog bodies (Lair:2)
  8 orc sorcerers
  A faun (shapeshifter) (D:13)
  6 ugly things (D:15)
  5 manticores
  3 cyclopes
  9 elephants (Lair:4)
  7 mana vipers
  9 salamanders
  A moth of wrath (shapeshifter) (D:14)
  6 guardian serpents
  2 ice statues (IceCv)
  A black mamba (shapeshifter) (D:13)
  30 black mambas
  23 naga magi
  Joseph (D:8)
  10 cane toads
  2 gargoyles
  6 rime drakes
  9 komodo dragons
  6 yaktaurs (D:15)
  5 kobold demonologists
  3 meliai (D:15)
  9 ice devils (IceCv)
  A harpy zombie (D:15)
  A bloated husk (Swamp:2)
  A jumping spider (shapeshifter) (D:13)
  11 trolls
  A wolf spider simulacrum (D:14)
  4 tyrant leeches
  A wind drake (shapeshifter) (D:15)
  7 hornets
  4 polar bears
  A queen bee (D:15)
  13 slime creatures
  4 blink frogs (Lair:5)
  4 wyverns
  4 spriggans
  A tarantella (shapeshifter) (D:15)
  A hog (Lair:4)
  41 yaks
  2 fire elementals (Orc:2)
  A steam dragon (D:14)
  6 vampire mosquitoes
  7 basilisks
  30 nagas
  6 wargs
  2 soldier ants
  7 swamp worms
  2 acid dragons
  21 water moccasins
  3 hell hounds (Orc:2)
  A swamp drake (Swamp:1)
  A sky beast (D:14)
  3 black bears
  22 orc warriors
  2 eyes of draining
  2 phantoms
  11 ice beasts
  7 ogres
  A necrophage (D:12)
  5 boggarts (D:15)
  20 wolves
  14 centaurs
  9 big kobolds
  21 bullfrogs
  2 wyvern skeletons
  4 scorpions
  30 killer bees
  15 wights
  7 howler monkeys
  8 electric eels
  17 jellies
  2 centaur zombies
  37 orc wizards
  6 centaur skeletons
  9 hounds
  19 orc priests
  Crazy Yiuf (D:2)
  Ijyb (D:3)
  6 bullfrog skeletons
  4 iguanas
  7 worker ants
  A big kobold zombie (Ossuary)
  A hound zombie (D:11)
  A hound skeleton (D:10)
  8 mummies (Ossuary)
  A worker ant zombie (D:7)
  3 gnolls (D:5)
  19 adders
  A shadow imp (D:10)
  14 white imps
  13 ufetubi
  2 oozes
  3 adder skeletons
  4 worms
  3 dart slugs
  7 leopard geckos
  72 orcs
  6 bats
  2 giant cockroaches
  8 goblins
  6 hobgoblins
  12 jackals
  32 kobolds
  7 quokkas
  3 ball pythons
  4 frilled lizards
  A gnoll zombie (Ossuary)
  6 kobold zombies (Ossuary)
  10 rats
993 creatures vanquished.

Vanquished Creatures (collateral kills)
  Saint Roka (Snake:4)
  2 bunyips (Swamp:1)
  A death knight (D:10)
  An alligator (Swamp:1)
  A goliath frog (Swamp:1)
  A wolf spider zombie (D:12)
  3 bog bodies (Swamp:1)
  A naga mage (Snake:4)
  A bloated husk (Swamp:1)
  An acid dragon (D:12)
  2 nagas (Snake:4)
  An orc warrior (Snake:4)
  A black bear (D:10)
  A killer bee (D:12)
  An orc priest (Snake:4)
  2 hounds (D:10)
  An orc wizard (Snake:4)
  2 orcs (Snake:4)
24 creatures vanquished.

Vanquished Creatures (others)
  A naga mage (Snake:4)
  A human (Lair:4)
  A water moccasin (Lair:4)
  An orc wizard (Orc:2)
  An ufetubus (IceCv)
  26 fungi
  38 plants
  13 toadstools
82 creatures vanquished.

Grand Total: 1099 creatures vanquished

Notes
Turn   | Place    | Note
-------+----------+-------------------------------------------
     0 | D:1      | DerHolg the Minotaur Berserker began the quest for the Orb.
     0 | D:1      | Reached XP level 1. HP: 19/19 MP: 0/0
   201 | D:1      | Reached XP level 2. HP: 27/27 MP: 1/1
   505 | D:1      | Reached skill level 3 in Armour
   540 | D:1      | Reached XP level 3. HP: 33/33 MP: 2/2
   628 | D:2      | Reached ** piety under Trog
  1001 | D:2      | Reached XP level 4. HP: 37/41 MP: 3/3
  1089 | D:2      | Found a shimmering altar of Xom.
  1308 | D:2      | Found a runed translucent door.
  1309 | D:2      | Noticed Crazy Yiuf
  1440 | D:2      | Killed Crazy Yiuf
  1922 | D:3      | Reached XP level 5. HP: 47/47 MP: 4/4
  1988 | D:3      | Noticed Ijyb
  1995 | D:3      | Killed Ijyb
  2300 | D:3      | Found a blossoming altar of Fedhas.
  2544 | D:4      | Found an ornate altar of the Wu Jian Council.
  2559 | D:4      | Reached skill level 4 in Armour
  2797 | D:4      | Reached skill level 5 in Fighting
  2797 | D:4      | Reached skill level 5 in Axes
  3294 | D:5      | Entered Level 5 of the Dungeon
  3302 | D:5      | Reached XP level 6. HP: 56/56 MP: 5/5
  3555 | D:5      | Reached *** piety under Trog
  4057 | D:5      | Reached skill level 5 in Armour
  4057 | D:5      | Reached XP level 7. HP: 61/61 MP: 6/6
  4169 | D:5      | Got a spiked ring mail
  4170 | D:5      | Identified the cursed +0 ring mail "Koucurpho" {Str-4 Int+3
                  | Stlth+} (You found it on level 5 of the Dungeon)
  4611 | D:6      | Found a sand-covered staircase.
  4630 | Ossuary  | Entered an ossuary
  4978 | Ossuary  | Reached skill level 5 in Dodging
  5095 | Ossuary  | Reached **** piety under Trog
  5505 | D:6      | Reached skill level 6 in Armour
  5530 | D:6      | Reached XP level 8. HP: 71/71 MP: 7/7
  5725 | D:6      | Found a staircase to the Ecumenical Temple.
  6197 | D:7      | Found a sacrificial altar of Ru.
  6444 | D:7      | Reached skill level 7 in Armour
  6911 | D:7      | Found a sparkling altar of Nemelex Xobeh.
  7024 | D:8      | Noticed Joseph
  7037 | D:8      | Killed Joseph
  7038 | D:8      | Reached XP level 9. HP: 81/81 MP: 8/8
  7417 | D:8      | Reached skill level 8 in Armour
  7653 | D:9      | Noticed a troll
  7664 | D:9      | Killed a troll
  7752 | D:9      | Reached ***** piety under Trog
  7806 | D:9      | Noticed a troll
  7811 | D:9      | Killed a troll
  8219 | D:9      | Reached skill level 9 in Armour
  8431 | D:10     | Entered Level 10 of the Dungeon
  8474 | D:10     | Reached XP level 10. HP: 91/91 MP: 9/9
  8565 | D:10     | Noticed a skeletal warrior
  8587 | D:10     | Killed a skeletal warrior
  8643 | D:10     | Noticed a skeletal warrior
  8643 | D:10     | Noticed a skeletal warrior
  8671 | D:10     | Killed a skeletal warrior
  8683 | D:10     | Killed a skeletal warrior
  8684 | D:10     | Reached skill level 10 in Fighting
  8684 | D:10     | Reached skill level 10 in Axes
  8823 | D:10     | Noticed a skeletal warrior
  8823 | D:10     | Noticed a skeletal warrior
  8842 | D:10     | Killed a skeletal warrior
  8843 | D:10     | Reached skill level 10 in Armour
  8873 | D:10     | Killed a skeletal warrior
  9224 | D:10     | Found Mudaim Cyniu's Changing Room.
  9377 | D:10     | Reached XP level 11. HP: 90/101 MP: 10/10
  9484 | D:10     | You fall into a shaft and drop 3 floors!
  9488 | D:13     | Noticed a catoblepas
  9496 | D:13     | Gained mutation: Your spells are a little easier to cast,
                  | but a little less powerful. [a neqoxec]
  9850 | D:10     | Reached skill level 10 in Dodging
 10051 | D:10     | Noticed a death knight
 10060 | D:10     | Killed a death knight
 10263 | D:10     | Reached skill level 1 in Throwing
 10901 | D:10     | Received a gift from Trog
 11129 | D:10     | Reached skill level 11 in Armour
 11944 | D:11     | Found a staircase to the Lair.
 12821 | Lair:1   | Entered Level 1 of the Lair of Beasts
 12822 | Lair:1   | Upgraded the game from 0.26-a0-1101-g8f9f7f7418 to
                  | 0.26-a0-1106-g6dfc622489
 14149 | Lair:2   | Reached skill level 1 in Evocations
 14230 | Lair:2   | Noticed an eight-headed hydra
 14233 | Lair:2   | Noticed a bog body
 14478 | Lair:2   | Reached XP level 12. HP: 107/112 MP: 11/11
 14730 | Lair:2   | Killed an eight-headed hydra
 15334 | Lair:2   | Found a staircase to the Swamp.
 15744 | Lair:2   | Reached skill level 12 in Armour
 15788 | Lair:3   | Noticed Rupert
 15822 | Lair:3   | Killed Rupert
 15823 | Lair:3   | Reached skill level 5 in Throwing
 16509 | Lair:3   | Got a transparent buckler
 16510 | Lair:3   | Identified the +5 buckler of Hiananna {-Tele rN+++ Str+5}
                  | (You found it on level 3 of the Lair of Beasts)
 16777 | Lair:4   | Found a staircase to the Snake Pit.
 16918 | Lair:4   | Noticed Kirke
 16938 | Lair:4   | Killed Kirke
 16938 | Lair:4   | Received a gift from Trog
 16939 | Lair:4   | Reached XP level 13. HP: 114/119 MP: 12/12
 17196 | Lair:4   | Found a one-way gate to the infinite horrors of the Abyss.
 17196 | Lair:4   | Noticed Qungiab's ghost (journeyman DsVM)
 17197 | Lair:4   | Found a transporter.
 17206 | Lair:4   | Identified the +10 trident "Jadet" {distort, *Slow rF+
                  | Int+5}
 17293 | Lair:4   | Found a transporter.
 17367 | Lair:4   | Found a shimmering altar of Xom.
 17406 | Lair:4   | Identified a scroll of acquirement
 17873 | Lair:5   | Got a spiked chain mail
 17883 | Lair:5   | Identified the +6 chain mail "Effiodal" {rElec Will+} (You
                  | found it on level 5 of the Lair of Beasts)
 17946 | Lair:5   | Reached skill level 5 in Evocations
 17951 | Lair:5   | Reached skill level 13 in Armour
 18648 | Lair:5   | Found a glowing golden altar of the Shining One.
 18811 | Lair:6   | Entered Level 6 of the Lair of Beasts
 18905 | Lair:6   | Received a gift from Trog
 19326 | Lair:6   | Reached XP level 14. HP: 122/129 MP: 13/13
 20521 | Lair:6   | Found a staircase to the Slime Pits.
 21583 | D:12     | Found a staircase to the Orcish Mines.
 21681 | D:12     | Noticed Urug
 21689 | D:12     | Killed Urug
 21789 | D:12     | Found Hucusele's Weapon Boutique.
 22024 | Orc:1    | Entered Level 1 of the Orcish Mines
 22411 | Orc:2    | Entered Level 2 of the Orcish Mines
 22533 | Orc:2    | Received a gift from Trog
 22634 | Orc:2    | Reached skill level 14 in Armour
 22703 | Orc:2    | Found Ytoudd's Antique Armour Emporium.
 22703 | Orc:2    | Found Ilaziph's Antique Weapon Emporium.
 22703 | Orc:2    | Found Vaphon's Weapon Shoppe.
 22771 | Orc:2    | Found Vuloegetej's Antique Weapon Shoppe.
 22778 | Orc:2    | Bought a pair of crude boots for 275 gold pieces
 22778 | Orc:2    | Bought a pair of glowing gloves for 217 gold pieces
 22791 | Orc:2    | Identified the cursed +0 pair of boots of Boredom {Str+6}
                  | (You bought it in a shop on level 2 of the Orcish Mines)
 22792 | Orc:2    | Acquired a manual of Armour
 22869 | Orc:2    | Noticed Azrael
 22887 | Orc:2    | Killed Azrael
 22913 | Orc:2    | Noticed an orc warlord
 23260 | Orc:2    | Found Lahas's Armour Shop.
 23321 | Orc:2    | Found a staircase to the Elven Halls.
 23366 | Orc:2    | Received a gift from Trog
 23398 | Orc:2    | Killed an orc warlord
 23399 | Orc:2    | Reached skill level 15 in Axes
 24380 | D:13     | Found a gate to the Vaults.
 24415 | D:13     | Reached skill level 15 in Armour
 24631 | D:14     | Reached XP level 15. HP: 135/139 MP: 14/14
 24764 | D:14     | Found Turaew's Antique Armour Boutique.
 24775 | D:14     | Bought an embroidered hat for 154 gold pieces
 25190 | D:14     | Reached ****** piety under Trog
 25263 | D:14     | You fall into a shaft and drop 1 floor!
 25263 | D:15     | Entered Level 15 of the Dungeon
 25321 | D:15     | Received a gift from Trog
 25421 | D:15     | Found a staircase to the Depths.
 25441 | D:15     | Reached skill level 16 in Armour
 25748 | D:15     | Found a frozen archway.
 25778 | IceCv    | Entered an ice cave
 26095 | IceCv    | Got a pair of smoking boots
 26120 | IceCv    | Identified the +0 pair of boots of the Antique Slorg
                  | {Dex+2} (You found it in an ice cave)
 26199 | IceCv    | Reached skill level 15 in Fighting
 26827 | D:15     | Received a gift from Trog
 26843 | D:15     | Reached skill level 17 in Armour
 27602 | D:15     | Got a slimy bardiche
 27602 | D:15     | Identified the cursed +2 bardiche "Reas" {vorpal, rF+ rC+}
                  | (You found it on level 15 of the Dungeon)
 28504 | Snake:1  | Entered Level 1 of the Snake Pit
 28505 | Snake:1  | Upgraded the game from 0.26-a0-1106-g6dfc622489 to
                  | 0.26-a0-1120-ga1b6d6fda9
 29310 | Snake:1  | Found Bybrot's Weapon Shoppe.
 29445 | Snake:1  | Found Iddoxt's Book Shoppe.
 29769 | Snake:2  | Reached skill level 10 in Throwing
 29772 | Snake:2  | Reached skill level 18 in Armour
 29797 | Snake:2  | Received a gift from Trog
 29834 | Snake:2  | Reached XP level 16. HP: 115/149 MP: 5/15
 31120 | Snake:2  | Noticed Vashnia
 31138 | Snake:2  | Killed Vashnia
 31700 | Snake:2  | Reached skill level 19 in Armour
 31858 | Snake:3  | Reached skill level 1 in Slings
 32168 | Snake:3  | Received a gift from Trog
 32836 | Snake:3  | Found a sparkling altar of Nemelex Xobeh.
 32970 | Snake:3  | Found Naisuib's Gadget Boutique.
 32970 | Snake:3  | Found Ypheyt Efari's Jewellery Shoppe.
 32971 | Snake:3  | Found Gil Qudd's Gadget Boutique.
 32986 | Snake:3  | Bought an uncursed ring of protection from fire for 325
                  | gold pieces
 33061 | Snake:3  | Found Wrusux's Whimsical Warehouse.
 33069 | Snake:3  | Bought an uncursed ring of willpower for 375 gold pieces
 33550 | Snake:4  | Entered Level 4 of the Snake Pit
 34017 | Snake:4  | Noticed Saint Roka
 34086 | Snake:4  | Killed Saint Roka
 34102 | Snake:4  | Received a gift from Trog
 34872 | Snake:4  | Reached XP level 17. HP: 85/158 MP: 5/16
 35945 | Snake:4  | Reached skill level 15 in Dodging
 36299 | Snake:4  | Got a serpentine rune of Zot
 36760 | Swamp:1  | Entered Level 1 of the Swamp
 37334 | Swamp:1  | Found a runed translucent door.
 37335 | Swamp:1  | Noticed fritzmikael's ghost (adept TrFi)
 37349 | Swamp:1  | Killed fritzmikael's ghost
 37390 | Swamp:1  | Identified the cursed +3 trident "Impbane" {venom, rC+}
                  | (You found it on level 1 of the Swamp)
 37518 | Swamp:2  | Upgraded the game from 0.26-a0-1120-ga1b6d6fda9 to
                  | 0.26-a0-1129-gc5df7fbe6a
 37721 | Swamp:2  | Found a transporter.
 37723 | Swamp:2  | Noticed Thargor's ghost (journeyman GrEE)
 37754 | Swamp:2  | Received a gift from Trog
 37761 | Swamp:2  | HP: 7/159 [spriggan druid/angry trees (10)]
 37764 | Swamp:2  | Killed from afar by an eleionoma

Illustrated notes

Levels and vault maps discovered:
D:1:      ldierk_walled_garden, layout_rooms
D:2:      layout_rooms, old_standard_altar, uniq_crazy_yiuf_cottage
D:3:      layout_basic, fedhas_altar_3, uniq_ijyb
D:4:      layout_loops_ring, lemuel_crystal_altar
D:5:      layout_layer_cave, kennysheep_boxes
D:6:      layout_loops_ring, minmay_temple_entry_hall,
          lightli_ossuary_entry_decrepit_ruins
D:7:      layout_basic, general_overflow_altar, nicolae_ru_awakened_eye
D:8:      layout_rooms, minmay_misc_feat_rows, chequers_serial_rivers_marsh,
          uniq_joseph
D:9:      layout_loops_cross, hangedman_abyss_or_decor_passed
D:10:     kennysheep_blocky_room, layout_layer_cave, nicolae_transmutations_shop
D:11:     layout_basic, erik_lair_orcish_takeover
D:12:     layout_irregular_city, orc_0_dummy, serial_shops, shop,
          enter_bailey_4, uniq_urug
D:13:     layout_cave_pools, david_vaults_2
D:14:     layout_basic, amethyst_killhole, serial_shops,
          nicolae_shop_statue_plus, onia_ninara_dug_in_and_dangerous
D:15:     grunt_enter_depths_snipers, layout_basic,
          portal_ice_cave_entry_ice_beasts, special_room [special_room_bee]
Lair:1:   layout_cave_pods, beast_lair_carwin_11
Lair:2:   layout_concentric_octagons, nicolae_swamp_entry_splash_gauntlet,
          gammafunk_lair_bear_cave
Lair:3:   beast_lair_carwin_large_2, layout_concentric_octagons, minivault_24,
          uniq_rupert
Lair:4:   layout_gridlike, minmay_snake_entry_guardpost_small, basic_altar,
          gammafunk_ghost_abyssal_escape, uniq_kirke
Lair:5:   beast_lair_carwin_large_4, layout_misc_corridors, lemuel_centaur_altar
Lair:6:   evilmike_catoblepas_cave, layout_concentric_octagons,
          minmay_slime_entry_jelly_boxes
Swamp:1:  layout_falls_marsh, gammafunk_ghost_grave, hangedman_swamp_lotus,
          swamp_pool1
Swamp:2:  cheibrodos_swamp_tower_of_moss, layout_falls_marsh,
          gammafunk_ghost_arena, serial_swamp_ruin, evilmike_swamp_ruin_house_5,
          evilmike_swamp_ruin_rubble_1, swamp_pool2, infiniplex_staircase_pool_2
Snake:1:  layout_rooms, st_stairs_10, minmay_shop_star
Snake:2:  layout_misc_corridors, st_stairs_4, nrook_guardian_serpent_ordinary,
          serial_bayou_shore_a, uniq_vashnia
Snake:3:  layout_gridlike, basic_altar, nicolae_alphabet_shops,
          minmay_shop_grove, grunt_megastairs_5
Snake:4:  snake_pit, layout_onion, uniq_saint_roka
Orc:1:    layout_caves, guppyfry_library_mini, uniq_erolcha
Orc:2:    st_orc_mages, layout_diamond_mine, serial_shops, shop, uniq_azrael

Skill      XL: |  1  2  3  4  5  6  7  8  9 10 11 12 13 14 15 16 17 |
---------------+----------------------------------------------------+-----
Fighting       | 4 5 6 8 9 10 11 12 13 14 15 16 | 16.5
Axes           | 4 5 6 8 9 10 11 12 14 15 17 | 17.7
Armour         | 3 4 5 6 7 9 10 11 12 13 15 18 19 | 19.6
Dodging        | 3 4 5 6 8 9 10 11 12 13 14 15 | 15.2
Throwing       | 3 5 7 8 10 11 | 11.4
Evocations     | 1 4 5 |  5.0
Slings         | 2 |  2.0

Action                   |  1- 3 |  4- 6 |  7- 9 | 10-12 | 13-15 | 16-18 || total
-------------------------+-------+-------+-------+-------+-------+-------++-------
Melee: Hand axe          |    70 |   140 |   187 |   557 |    12 |       ||   966
       Headbutt          |     7 |    29 |    73 |   199 |   298 |   147 ||   753
       War axe           |       |       |   160 |   225 |       |       ||   385
       Great mace        |       |       |       |     4 |       |       ||     4
       Battleaxe         |       |       |       |       |  1038 |   358 ||  1396
       Executioner's axe |       |       |       |       |   133 |   161 ||   294
Throw: Boomerang         |       |       |       |    15 |     3 |    11 ||    29
Invok: Berserk           |       |     3 |     5 |     5 |     5 |     2 ||    20
       Trog's Hand       |       |       |       |     8 |     3 |     5 ||    16
       Brothers in Arms  |       |       |       |     2 |       |     3 ||     5
Evoke: Wand              |       |       |       |     5 |       |       ||     5
  Use: Scroll            |       |     7 |     7 |    11 |    20 |     8 ||    53
       Potion            |       |       |       |     2 |     2 |     5 ||     9
 Stab: Petrified         |       |       |       |       |     3 |       ||     3
Armor: Animal skin       |     5 |       |       |       |       |       ||     5
       Ring mail         |     1 |       |       |       |    11 |    71 ||    83
       Scale mail        |    17 |    52 |    35 |       |    25 |       ||   129
       Chain mail        |       |       |    24 |       |   263 |    13 ||   300
       Plate armour      |       |       |    88 |   218 |    43 |       ||   349
       Skin              |       |       |       |    38 |       |       ||    38
Dodge: Dodged            |    32 |    60 |   169 |   585 |  1254 |   680 ||  2780
Block: Other             |       |       |       |       |   103 |   121 ||   224
       Reflection        |       |       |       |       |    16 |    23 ||    39

Table legend: (Time is in decaauts)
 A = Elapsed time spent in this place.
 B = Non-inter-level travel time spent in this place.
 C = Inter-level travel time spent in this place.
 D = Time resting spent in this place.
 E = Time spent auto-exploring this place.
 F = Levels seen in this place.
 G = Mean time per level.
                   A        B        C        D        E       F      G
               +--------+--------+--------+--------+--------+-----+--------+
         Total |  37855 |  36212 |   1643 |   6530 |  21670 |  31 | 1221.1 |
       Dungeon |  16789 |  15853 |    936 |   1874 |  10447 |  15 | 1119.3 |
          Lair |   8572 |   8188 |    384 |   1305 |   5196 |   6 | 1428.7 |
         Swamp |   1028 |   1001 |     27 |    246 |    524 |   2 |  514.0 |
     Snake Pit |   8020 |   7835 |    185 |   2388 |   3939 |   4 | 2005.0 |
  Orcish Mines |   1916 |   1807 |    109 |    276 |   1056 |   2 |  958.0 |
       Ossuary |    685 |    685 |      0 |    282 |    244 |   1 |  685.0 |
      Ice Cave |    843 |    843 |      0 |    159 |    263 |   1 |  843.0 |
               +--------+--------+--------+--------+--------+-----+--------+

Top non-repeatable levels by time:
 Snake:4: 3064 daAuts
    D:10: 2724 daAuts
  Lair:6: 2249 daAuts
 Snake:2: 2174 daAuts
  Lair:2: 1876 daAuts
 Snake:3: 1713 daAuts
    D:15: 1579 daAuts
   Orc:2: 1520 daAuts
    D:11: 1349 daAuts
     D:5: 1291 daAuts
    D:14: 1279 daAuts
    D:12: 1276 daAuts
  Lair:5: 1219 daAuts
  Lair:4: 1151 daAuts
  Lair:3: 1131 daAuts
